 Dungeon Crawl Stone Soup version 0.17-a0-744-gaa96792 (webtiles) character file.

204 nono the Skirmisher (level 5, -7/47 HPs)
             Began as a Demonspawn Gladiator on Apr 21, 2015.
             Killed from afar by namelastname112's ghost (13 damage)
             ... with a bolt of negative energy
             ... in an ossuary.
             The game lasted 00:06:49 (3043 turns).

nono the Skirmisher (Demonspawn Gladiator)          Turns: 3043, Time: 00:06:50

Health: -7/47      AC:  6    Str: 21    XL:     5   Next: 52%
Magic:  5/5        EV: 17    Int:  9    God:
Gold:   153        SH:  0    Dex: 19    Spells: 0 memorised, 4 levels left

rFire  . . .     SeeInvis .     g - +4 hand axe
rCold  . . .     Clarity  .     b - +0 leather armour
rNeg   . . .     SustAb   .     (no shield)
rPois  .         Gourm    .     c - +1 helmet
rElec  .         Spirit   .     (no cloak)
rCorr  .         Warding  .     (no gloves)
rMut   .         Stasis   .     (no boots)
MR     .....                    (no amulet)
Stlth  ++........               (no ring)
                                (no ring)

@: mighty, agile, flying, drained, not resistant to hostile enchantments,
unstealthy
A: rugged brown scales 1, powered by pain 1
a: no special abilities


You were in an ossuary.
You were very hungry.

You visited 1 branch of the dungeon, and saw 4 of its levels.
You also visited: Ossuary.

You collected 153 gold pieces.

Inventory:

Hand weapons
 a - a +0 trident
 g - a +4 hand axe (weapon)
Missiles
 d - 3 throwing nets (quivered)
Armour
 b - a +0 leather armour (worn)
 c - a +1 helmet (worn)
Jewellery
 l - a cursed amulet of stasis {unknown}
Scrolls
 i - a scroll of immolation {unknown}
 k - a scroll of recharging
 n - a scroll of random uselessness {unknown}
 o - 2 scrolls of identify {unknown}
 p - 2 scrolls of remove curse
 s - a scroll of enchant weapon {unknown}
 t - a scroll of fear {unknown}
Potions
 q - a potion of flight
Comestibles
 e - a bread ration
 j - 11 fruits
 u - a slice of pizza
 v - a beef jerky


   Skills:
 + Level 5.8(4.9) Fighting
 - Level 2.6(1.8) Polearms
 - Level 1.7(0.9) Throwing
 - Level 2.6(1.8) Dodging


You had 4 spell levels left.
You didn't know any spells.

Dungeon Overview and Level Annotations

Branches:
Dungeon (4/15)
 Temple: D:4-7

Altars:
Kikubaaqudgha
Ru

Annotations:
Ossuary namelastname112's ghost, experienced DrCK


Innate Abilities, Weirdness & Mutations

You are partially covered in rugged brown scales (AC +1, +3% HP).
You sometimes gain a little power by taking damage.


Message History

You feel more agile all of a sudden.
You hit the mummy.
The mummy is heavily damaged.
Read which item? (? for menu, Esc to quit)
As you read the scroll labeled OKAMPE MUJIYM, it crumbles to dust.
It is a scroll of enchant armour.
Enchant which item? (? for menu, Esc to quit)
Your cursed +0 helmet glows green for a moment.
The mummy misses you.
Read which item? (? for menu, Esc to quit)
As you read the scroll labeled SANLOL IBBANOM, it crumbles to dust.
It is a scroll of recharging.
You aren't carrying any rechargeable items.
Namelastname112's ghost breathes negative energy at you.
The bolt of negative energy hits the big kobold zombie.
The big kobold zombie completely resists.
The bolt of negative energy hits the mummy.
The mummy completely resists.
The bolt of negative energy hits you!
You feel drained.
You die...

. #....
+.....
#.....#
+WZ...+
#.....#
+.W...+
###Z....#
#@MZ....+
###.....##
#...^...#
#.^.....#
#...∩...#
#..^M...#
#.M.∩...#
#.......#
#.......#


You could see a mummy, namelastname112's ghost, a big kobold zombie and a
centaur zombie.

Vanquished Creatures
  Ijyb (D:3)
  2 mummies (Ossuary)
  3 gnolls (D:1)
  5 adders
  2 oozes (D:1)
  2 worms (D:3)
  A giant gecko (D:1)
  2 orcs (D:3)
  9 hobgoblins
  3 jackals (D:1)
  11 kobolds
  2 quokkas (D:2)
  11 bats
  A giant cockroach (D:1)
  6 giant newts
  5 goblins
  7 rats
73 creatures vanquished.

Notes
Turn   | Place    | Note
--------------------------------------------------------------
     0 | D:1      | nono, the Demonspawn Gladiator, began the quest for the Orb.
     0 | D:1      | Reached XP level 1. HP: 16/16 MP: 1/1
   122 | D:1      | Gained mutation: You sometimes gain a little power by taking damage. [demonic ancestry]
   122 | D:1      | Reached XP level 2. HP: 10/23 MP: 2/2
   362 | D:1      | Reached skill level 3 in Fighting
   817 | D:1      | Gained mutation: You are partially covered in rugged brown scales (AC +1, +3% HP). [demonic ancestry]
   817 | D:1      | Reached XP level 3. HP: 21/29 MP: 3/3
  1032 | D:1      | Reached skill level 4 in Fighting
  1281 | D:2      | Reached XP level 4. HP: 36/38 MP: 4/4
  1788 | D:2      | Reached skill level 5 in Fighting
  1819 | D:3      | Noticed Ijyb
  1845 | D:3      | Killed Ijyb
  1845 | D:3      | Reached XP level 5. HP: 15/45 MP: 5/5
  2255 | D:3      | Found an ancient bone altar of Kikubaaqudgha.
  2259 | D:3      | Found a sacrificial altar of Ru.
  2997 | D:4      | Found a sand-covered staircase.
  3003 | Ossuary  | Entered an ossuary
  3011 | Ossuary  | Noticed namelastname112's ghost (experienced DrCK)
  3043 | Ossuary  | Killed from afar by namelastname112's ghost

Action                   |  1- 3 |  4- 6 || total
-------------------------+-------+-------++-------
Melee: Trident           |    66 |       ||    66
       Hand axe          |    31 |   140 ||   171
       Whip              |     4 |       ||     4
  Use: Scroll            |     2 |     3 ||     5
       Potion            |       |     4 ||     4
 Stab: Sleeping          |       |     1 ||     1
  Eat: Chunk             |     1 |     5 ||     6
